TOP OF THE 1ST |
Erie SeaWolves batting - Pitching for New Hampshire Fisher Cats : RHP Ron Kehoe
|
Pitching: RHP Ron Kehoe
|
|
Batting: RHB Brandon O'Malley
|
0-0: Ball 1-0: Foul Ball, location: 2F 1-1: Foul Ball, location: 2F 1-2: Ground out 5-3 (Groundball, 56S, EV 72.5 MPH)
|
Batting: RHB Adam MacConnell
|
0-0: Ball 1-0: Called Strike 1-1: Foul Ball, location: 2F 1-2: Foul Ball, location: 2F 1-2: Ball 2-2: Foul Ball, location: 2F 2-2: Ground out 5-3 (Groundball, 56, EV 108.8 MPH)
|
Batting: RHB John Evancho
|
0-0: Called Strike 0-1: Ball 1-1: Ground out 4-3 (Groundball, 4M, EV 83.8 MPH)
|
Top of the 1st over - 0 runs, 0 hits, 0 errors, 0 left on base; Erie 0 - New Hampshire 0 |
BOTTOM OF THE 1ST |
New Hampshire Fisher Cats batting - Pitching for Erie SeaWolves : RHP Mario Napoles
|
Pitching: RHP Mario Napoles
|
|
Batting: LHB Yoshinari Nara
|
0-0: Called Strike 0-1: Fly out, F7 (Line Drive, 7, EV 105.6 MPH)
|
Batting: RHB Brock Van Gilder
|
0-0: Ball 1-0: Called Strike 1-1: Ball 2-1: Foul Ball, location: 2F 2-2: Strikes out looking
|
Batting: RHB Butch Koglin
|
0-0: Foul Ball, location: 2F 0-1: Foul Ball, location: 2F 0-2: Ball 1-2: Ball 2-2: DOUBLE (Line Drive, 7LM, EV 101.9 MPH)
|
Batting: RHB Jorge Baret
|
0-0: Ground out 5-3 (Groundball, 5S, EV 91.9 MPH)
|
Bottom of the 1st over - 0 runs, 1 hit, 0 errors, 1 left on base; Erie 0 - New Hampshire 0 |
TOP OF THE 2ND |
Erie SeaWolves batting - Pitching for New Hampshire Fisher Cats : RHP Ron Kehoe
|
Batting: RHB Eric Angelle
|
0-0: Ball 1-0: Ball 2-0: Called Strike 2-1: Fly out, F8 (Flyball, 8LS, EV 90.6 MPH)
|
Batting: RHB Carlos Armenteros
|
0-0: Called Strike 0-1: Ball 1-1: Ball 2-1: Foul Ball, location: 2F 2-2: Foul Ball, location: 2F 2-2: Ball 3-2: Base on Balls
|
Batting: SHB Sean Foley
|
0-0: SINGLE (Groundball, P, EV 86.9 MPH) (infield hit) Carlos Armenteros to second
|
Batting: RHB Tanner Purchase
|
0-0: Swinging Strike 0-1: Foul Ball, location: 2F 0-2: Ball 1-2: Strikes out swinging
|
Batting: LHB Luis Dominguez
|
0-0: Ball 1-0: Called Strike 1-1: Ball 2-1: Fielders Choice at 2nd, 6-4 (Groundball, 6, EV 109.4 MPH)
|
Top of the 2nd over - 0 runs, 1 hit, 0 errors, 2 left on base; Erie 0 - New Hampshire 0 |
BOTTOM OF THE 2ND |
New Hampshire Fisher Cats batting - Pitching for Erie SeaWolves : RHP Mario Napoles
|
Batting: LHB Pauli Gassinger
|
0-0: Called Strike 0-1: Ball 1-1: Ground out 6-3 (Groundball, 6M, EV 86.2 MPH)
|
Batting: RHB Chris Martin
|
0-0: SINGLE (Groundball, 34D, EV 95.6 MPH)
|
Batting: RHB Kirk Seiffert
|
0-0: Ball 1-0: Ball 2-0: Called Strike 2-1: Foul Ball, location: 2F 2-2: Fly out, F9 (Flyball, 9, EV 84.4 MPH)
|
Batting: RHB Matt Nycz
|
0-0: Ball 1-0: Ball 2-0: Called Strike 2-1: Swinging Strike 2-2: Foul Ball, location: 2F 2-2: Ball 3-2: Base on Balls Chris Martin to second
|
Batting: RHB Frank Caulfield
|
0-0: Called Strike 0-1: Foul Ball, location: 2F 0-2: Ball 1-2: Fielders Choice at 2nd, 6-4 (Groundball, 6, EV 81.2 MPH)
|
Bottom of the 2nd over - 0 runs, 1 hit, 0 errors, 2 left on base; Erie 0 - New Hampshire 0 |
TOP OF THE 3RD |
Erie SeaWolves batting - Pitching for New Hampshire Fisher Cats : RHP Ron Kehoe
|
Batting: RHB Willie Ochoa
|
0-0: Called Strike 0-1: Ball 1-1: Ball 2-1: Foul Ball, location: 2F 2-2: Strikes out swinging
|
Batting: RHB Brandon O'Malley
|
0-0: SINGLE (Groundball, 4MD, EV 106.9 MPH) (infield hit)
|
Batting: RHB Adam MacConnell
|
0-0: SINGLE (Groundball, 6M, EV 110.0 MPH) (infield hit) Brandon O'Malley to second
|
Batting: RHB John Evancho
|
0-0: Ball 1-0: SINGLE (Line Drive, 78S, EV 103.8 MPH) Brandon O'Malley to third Adam MacConnell to second Runner from 3rd tries for Home, throw by LF and OUT! 7-2
|
Batting: RHB Eric Angelle
|
0-0: Foul Ball, location: 2F 0-1: Ball 1-1: Foul Ball, location: 2F 1-2: DOUBLE (Flyball, 78XD, EV 107.5 MPH) Adam MacConnell scores John Evancho to third
|
Batting: RHB Carlos Armenteros
|
0-0: Ball 1-0: Ground out 5-3 (Groundball, 56S, EV 70.6 MPH)
|
Top of the 3rd over - 1 run, 4 hits, 0 errors, 2 left on base; Erie 1 - New Hampshire 0 |
BOTTOM OF THE 3RD |
New Hampshire Fisher Cats batting - Pitching for Erie SeaWolves : RHP Mario Napoles
|
Batting: LHB Yoshinari Nara
|
0-0: Called Strike 0-1: Ball 1-1: Called Strike 1-2: Foul Ball, location: 2F 1-2: Ball 2-2: Foul Ball, location: 2F 2-2: Ground out 3-1 (Groundball, 34S, EV 90.0 MPH)
|
Batting: RHB Brock Van Gilder
|
0-0: Swinging Strike 0-1: Ball 1-1: Fly out, F2 (Popup, 23F, EV 93.1 MPH)
|
Batting: RHB Butch Koglin
|
0-0: Foul Ball, location: 2F 0-1: Foul Ball, location: 2F 0-2: Ball 1-2: Ball 2-2: Ball 3-2: Ground out U3 (Groundball, 34, EV 93.1 MPH)
|
Bottom of the 3rd over - 0 runs, 0 hits, 0 errors, 0 left on base; Erie 1 - New Hampshire 0 |
TOP OF THE 4TH |
Erie SeaWolves batting - Pitching for New Hampshire Fisher Cats : RHP Ron Kehoe
|
Batting: SHB Sean Foley
|
0-0: Ball 1-0: Ball 2-0: Ball 3-0: Called Strike 3-1: Ground out 4-3 (Groundball, 4, EV 83.1 MPH)
|
Batting: RHB Tanner Purchase
|
0-0: Called Strike 0-1: Ball 1-1: Swinging Strike 1-2: SINGLE (Groundball, 6M, EV 100.6 MPH) (infield hit)
|
Batting: LHB Luis Dominguez
|
0-0: Called Strike Tanner Purchase steals 2nd base 0-1: Foul Ball, location: 2F 0-2: Ball 1-2: SINGLE (Line Drive, 6MD, EV 95.0 MPH) Tanner Purchase to third
|
Batting: RHB Willie Ochoa
|
0-0: Hit by Pitch Luis Dominguez to second
|
Batting: RHB Brandon O'Malley
|
0-0: Ball 1-0: Foul Ball, location: 2F 1-1: Swinging Strike 1-2: Foul Ball, location: 2F 1-2: Foul Ball, location: 2F 1-2: Fly out, F7 (Flyball, 7, EV 83.1 MPH)
|
Batting: RHB Adam MacConnell
|
0-0: Swinging Strike 0-1: Ground out 4-3 (Groundball, 34, EV 103.8 MPH)
|
Top of the 4th over - 0 runs, 2 hits, 0 errors, 3 left on base; Erie 1 - New Hampshire 0 |
BOTTOM OF THE 4TH |
New Hampshire Fisher Cats batting - Pitching for Erie SeaWolves : RHP Mario Napoles
|
Batting: RHB Jorge Baret
|
0-0: Foul Ball, location: 2F 0-1: Ball 1-1: Swinging Strike 1-2: Foul Ball, location: 2F 1-2: Ball 2-2: Strikes out looking
|
Batting: LHB Pauli Gassinger
|
0-0: Ball 1-0: Foul Ball, location: 2F 1-1: Ball 2-1: Swinging Strike 2-2: Foul Ball, location: 2F 2-2: Strikes out swinging
|
Batting: RHB Chris Martin
|
0-0: Ball 1-0: Ball 2-0: Swinging Strike 2-1: Swinging Strike 2-2: Ball 3-2: Fly out, F8 (Line Drive, 8LD, EV 90.0 MPH)
|
Bottom of the 4th over - 0 runs, 0 hits, 0 errors, 0 left on base; Erie 1 - New Hampshire 0 |
TOP OF THE 5TH |
Erie SeaWolves batting - Pitching for New Hampshire Fisher Cats : RHP Ron Kehoe
|
Batting: RHB John Evancho
|
0-0: Ball 1-0: Ball 2-0: Ground out 6-3 (Groundball, 6, EV 85.0 MPH)
|
Batting: RHB Eric Angelle
|
0-0: Ball 1-0: Ball 2-0: Called Strike 2-1: Foul Ball, location: 2F 2-2: Foul Ball, location: 2F 2-2: Ball 3-2: Fly out, F9 (Flyball, 89S, EV 81.2 MPH)
|
Batting: RHB Carlos Armenteros
|
0-0: Ball 1-0: Ball 2-0: Ball 3-0: Called Strike 3-1: Swinging Strike 3-2: SINGLE (Groundball, 4MD, EV 93.8 MPH)
|
Batting: SHB Sean Foley
|
0-0: Foul Ball, location: 2F 0-1: Ball 1-1: Swinging Strike 1-2: Foul Ball, location: 2F 1-2: DOUBLE (Line Drive, 78D, EV 109.4 MPH) Carlos Armenteros to third Runner from 3rd tries for Home, SAFE, throw by LF to home
|
Batting: RHB Tanner Purchase
|
0-0: Ball 1-0: Foul Ball, location: 2F 1-1: Ball 2-1: Ball 3-1: Called Strike 3-2: Foul Ball, location: 2F 3-2: Reached on error, E2 (Groundball, 2L, EV 65.6 MPH) Sean Foley to third
|
Batting: LHB Luis Dominguez
|
0-0: Called Strike 0-1: DOUBLE (Line Drive, 7LM, EV 96.9 MPH) Sean Foley scores Tanner Purchase to third Runner from 3rd tries for Home, SAFE, no throw by LF
|
Batting: RHB Willie Ochoa
|
0-0: Called Strike 0-1: Called Strike 0-2: Strikes out swinging
|
Top of the 5th over - 3 runs, 3 hits, 1 error, 1 left on base; Erie 4 - New Hampshire 0 |
BOTTOM OF THE 5TH |
New Hampshire Fisher Cats batting - Pitching for Erie SeaWolves : RHP Mario Napoles
|
Batting: RHB Kirk Seiffert
|
0-0: Ball 1-0: Ground out 4-3 (Groundball, 4MD, EV 99.4 MPH)
|
Batting: RHB Matt Nycz
|
0-0: Called Strike 0-1: Ball 1-1: Ground out 6-3 (Groundball, 6, EV 102.5 MPH)
|
Batting: RHB Frank Caulfield
|
0-0: Ground out 4-3 (Groundball, 4, EV 85.6 MPH)
|
Bottom of the 5th over - 0 runs, 0 hits, 0 errors, 0 left on base; Erie 4 - New Hampshire 0 |
TOP OF THE 6TH |
Erie SeaWolves batting - Pitching for New Hampshire Fisher Cats : RHP Ron Kehoe
|
Pitching: RHP Gilberto Dominguez
|
|
Batting: RHB Brandon O'Malley
|
0-0: Called Strike 0-1: Ground out 6-3 (Groundball, 6, EV 85.0 MPH)
|
Batting: RHB Adam MacConnell
|
0-0: Ball 1-0: Foul Ball, location: 2F 1-1: Swinging Strike 1-2: Ball 2-2: Ball 3-2: Strikes out swinging
|
Batting: RHB John Evancho
|
0-0: Fly out, F9 (Flyball, 89XD, EV 104.4 MPH)
|
Top of the 6th over - 0 runs, 0 hits, 0 errors, 0 left on base; Erie 4 - New Hampshire 0 |
BOTTOM OF THE 6TH |
New Hampshire Fisher Cats batting - Pitching for Erie SeaWolves : RHP Mario Napoles
|
Batting: LHB Yoshinari Nara
|
0-0: Ball 1-0: Foul Ball, location: 2F 1-1: Ground out 4-3 (Groundball, 34D, EV 105.6 MPH)
|
Batting: RHB Brock Van Gilder
|
0-0: Foul Ball, location: 2F 0-1: Swinging Strike 0-2: Strikes out looking
|
Batting: RHB Butch Koglin
|
0-0: Called Strike 0-1: Ball 1-1: Foul Ball, location: 2F 1-2: Ball 2-2: Ball 3-2: Fly out, F9 (Flyball, 9, EV 92.5 MPH)
|
Bottom of the 6th over - 0 runs, 0 hits, 0 errors, 0 left on base; Erie 4 - New Hampshire 0 |
TOP OF THE 7TH |
Erie SeaWolves batting - Pitching for New Hampshire Fisher Cats : RHP Gilberto Dominguez
|
Pitching: RHP Bobby Leija
|
|
Batting: RHB Eric Angelle
|
0-0: Ball 1-0: Called Strike 1-1: Ball 2-1: Foul Ball, location: 2F 2-2: Foul Ball, location: 2F 2-2: Ground out 6-3 (Groundball, 6, EV 88.8 MPH)
|
Batting: RHB Carlos Armenteros
|
0-0: Called Strike 0-1: Ground out 4-3 (Groundball, 4, EV 98.8 MPH)
|
Batting: SHB Sean Foley
|
0-0: Called Strike 0-1: Ball 1-1: Foul Ball, location: 2F 1-2: Fly out, F8 (Line Drive, 8RM, EV 85.6 MPH)
|
Top of the 7th over - 0 runs, 0 hits, 0 errors, 0 left on base; Erie 4 - New Hampshire 0 |
BOTTOM OF THE 7TH |
New Hampshire Fisher Cats batting - Pitching for Erie SeaWolves : RHP Mario Napoles
|
Batting: RHB Jorge Baret
|
0-0: Ball 1-0: Ball 2-0: Called Strike 2-1: Ground out 5-3 (Groundball, 56S, EV 83.8 MPH)
|
Batting: LHB Pauli Gassinger
|
0-0: SINGLE (Line Drive, 34, EV 101.9 MPH)
|
Batting: RHB Chris Martin
|
0-0: SINGLE (Line Drive, 8LS, EV 98.8 MPH) Pauli Gassinger to second Runner from 2nd tries for 3rd, OUT after rundown.
|
Batting: RHB Kirk Seiffert
|
0-0: Reached on error, E4 (Groundball, 4MD, EV 108.8 MPH) Chris Martin to second
|
Batting: RHB Matt Nycz
|
0-0: Ball 1-0: Ball 2-0: Ball 3-0: Base on Balls Chris Martin to third Kirk Seiffert to second
|
Pinch Hitting: LHB Rodrigo Briceno
|
0-0: Called Strike 0-1: Ball 1-1: Foul Ball, location: 2F 1-2: Ball 2-2: Ground out 4-3 (Groundball, 4S, EV 65.0 MPH)
|
Bottom of the 7th over - 0 runs, 2 hits, 1 error, 3 left on base; Erie 4 - New Hampshire 0 |
TOP OF THE 8TH |
Erie SeaWolves batting - Pitching for New Hampshire Fisher Cats : RHP Bobby Leija
|
Now at 1B: Rodrigo Briceno
|
|
Now at 2B: Chris Martin
|
|
Batting: RHB Tanner Purchase
|
0-0: Fly out, F8 (Flyball, 8RS, EV 80.6 MPH)
|
Batting: LHB Luis Dominguez
|
0-0: Ball 1-0: Called Strike 1-1: Ground out 6-3 (Groundball, 6, EV 110.0 MPH)
|
Batting: RHB Willie Ochoa
|
0-0: Ball 1-0: Ball 2-0: Swinging Strike 2-1: Ball 3-1: Called Strike 3-2: Strikes out looking
|
Top of the 8th over - 0 runs, 0 hits, 0 errors, 0 left on base; Erie 4 - New Hampshire 0 |
BOTTOM OF THE 8TH |
New Hampshire Fisher Cats batting - Pitching for Erie SeaWolves : RHP Mario Napoles
|
Batting: LHB Yoshinari Nara
|
0-0: Called Strike 0-1: Ball 1-1: Ball 2-1: Ball 3-1: Base on Balls
|
Batting: RHB Brock Van Gilder
|
0-0: Ball 1-0: Ball 2-0: Ball 3-0: Swinging Strike 3-1: Called Strike 3-2: Strikes out swinging Yoshinari Nara steals 2nd base Batter strikes out.
|
Pitching: RHP Luis Brown
|
|
Batting: LHB Timo Gomez
|
0-0: Called Strike 0-1: Ground out 6-3 (Groundball, 6, EV 86.2 MPH) Yoshinari Nara to third
|
Batting: RHB Jorge Baret
|
0-0: Ground out 6-3 (Groundball, 6, EV 88.8 MPH)
|
Bottom of the 8th over - 0 runs, 0 hits, 0 errors, 1 left on base; Erie 4 - New Hampshire 0 |
TOP OF THE 9TH |
Erie SeaWolves batting - Pitching for New Hampshire Fisher Cats : RHP Bobby Leija
|
Pitching: RHP Dave Kurtz
|
|
Batting: RHB Brandon O'Malley
|
0-0: Ball 1-0: DOUBLE (Groundball, 3L, EV 108.1 MPH)
|
Batting: RHB Adam MacConnell
|
0-0: Called Strike 0-1: Ball 1-1: Ball 2-1: SINGLE (Groundball, 4MD, EV 105.0 MPH) Brandon O'Malley to third Runner from 3rd tries for Home, throw by CF and OUT! 8-2 Adam MacConnell to second
|
Batting: RHB John Evancho
|
0-0: Ball 1-0: Ball 2-0: Foul Ball, location: 2F 2-1: Ball 3-1: Foul Ball, location: 2F 3-2: Strikes out swinging
|
Batting: RHB Eric Angelle
|
0-0: Fly out, F9 (Flyball, 89S, EV 90.0 MPH)
|
Top of the 9th over - 0 runs, 2 hits, 0 errors, 1 left on base; Erie 4 - New Hampshire 0 |
BOTTOM OF THE 9TH |
New Hampshire Fisher Cats batting - Pitching for Erie SeaWolves : RHP Luis Brown
|
Batting: LHB Pauli Gassinger
|
0-0: Called Strike 0-1: Foul Ball, location: 2F 0-2: Strikes out looking
|
Batting: RHB Chris Martin
|
0-0: Ball 1-0: Called Strike 1-1: Ball 2-1: Ball 3-1: Called Strike 3-2: Ground out 5-3 (Groundball, 56, EV 96.9 MPH)
|
Batting: RHB Kirk Seiffert
|
0-0: Ball 1-0: Foul Ball, location: 2F 1-1: Called Strike 1-2: Strikes out swinging, 2-3 out at first.
|
Bottom of the 9th over - 0 runs, 0 hits, 0 errors, 0 left on base; Erie 4 - New Hampshire 0 |
|